 Dungeon Crawl Stone Soup version 0.18.1-6-gd335043 (webtiles) character file.

194902 mistymad the Protected (level 18, -4/117 HPs)
             Began as a Gargoyle Fighter on May 17, 2016.
             Was the Champion of Okawaru.
             Slain by an emperor scorpion (15 damage)
             ... on level 4 of the Spider Nest on May 18, 2016.
             The game lasted 02:40:31 (37481 turns).

mistymad the Protected (Gargoyle Fighter)          Turns: 37481, Time: 02:40:32

Health: -4/117     AC: 53    Str: 31      XL:     18   Next: 32%
Magic:  22/27      EV: 13    Int: 12      God:    Okawaru [******]
Gold:   711        SH: 10    Dex:  8 (9)  Spells: 0 memorised, 17 levels left

rFire  . . .     SeeInvis .     R - +9 morningstar of the Enchanted Forest {crush, *Rage Int+3}
rCold  . . .     Gourm    +     m - +3 plate armour
rNeg   + + +     Faith    .     U - +0 buckler of the Sky {rPois rN+}
rPois  ∞         Spirit   .     c - +2 helmet of the Eternal Void {rElec rPois Str+6 Dex-3}
rElec  +         Dismiss  .     u - +2 cloak
rCorr  .         Reflect  .     G - +3 pair of gauntlets of War {Slay+5}
SustAt .         Harm     .     E - +0 pair of boots
MR     +++..     Rnd*Rage +     a - amulet of the gourmand
Stlth  ..........               w - ring "Oxinoleoss" {Ice MR++}
                                z - ring of Yggoan {Fire rN+ Slay+3}

@: exhausted, heroism, flying, slowed, very slow, extremely resistant to hostile
enchantments, extremely unstealthy
A: big wings, large bone plates 1, slimy green scales 1, negative energy
resistance 1, electricity resistance, unbreathing, petrification resistance, rot
immunity, AC +13
a: Stop Flying, Heroism, Finesse, Renounce Religion
}: 1/15 runes: decaying


You were on level 4 of the Spider Nest.
You worshipped Okawaru.
Okawaru was exalted by your worship.
You were very full.

You visited 6 branches of the dungeon, and saw 31 of its levels.
You also visited: Trove and Volcano.

You collected 2785 gold pieces.
You spent 2074 gold pieces at shops.

Inventory:

Hand Weapons
 R - the +9 morningstar of the Enchanted Forest (weapon) {crush, *Rage Int+3}
   (Okawaru gifted it to you on level 1 of the Swamp)

   It inflicts extra damage upon your enemies.
   It affects your intelligence (+3).
   It may make you go berserk in combat.
Armour
 c - the +2 helmet of the Eternal Void (worn) {rElec rPois Str+6 Dex-3}
   (You found it on level 12 of the Dungeon)

   It affects your strength (+6).
   It affects your dexterity (-3).
   It insulates you from electricity.
   It protects you from poison.
 m - a +3 plate armour (worn)
 u - a +2 cloak (worn)
 E - a +0 pair of boots (worn)
 G - the +3 pair of gauntlets of War (worn) {Slay+5}
   (Okawaru gifted it to you on level 3 of the Lair of Beasts)

   It affects your accuracy and damage with ranged weapons and melee attacks
   (+5).
 U - the +0 buckler of the Sky (worn) {rPois rN+}
   (Okawaru gifted it to you on level 8 of the Lair of Beasts)

   It protects you from poison.
   It protects you from negative energy.
Jewellery
 a - an amulet of the gourmand (around neck)
 h - a +3 ring of intelligence
 w - the ring "Oxinoleoss" (right hand) {Ice MR++}
   (You found it on level 3 of the Spider Nest)

   [ring of ice]

   It enhances your ice magic, and weakens your fire magic.
   It makes you vulnerable to fire.
   It protects you from cold.
   It affects your resistance to hostile enchantments.
 z - the ring of Yggoan (left hand) {Fire rN+ Slay+3}
   (You found it in a treasure trove)

   [ring of fire]

   It enhances your fire magic, and weakens your ice magic.
   It affects your accuracy and damage with ranged weapons and melee attacks
   (+3).
   It protects you from fire.
   It makes you vulnerable to cold.
   It protects you from negative energy.
 B - the ring "Biolimugro" {Ice rN+}
   (You found it in a treasure trove)

   [ring of ice]

   It enhances your ice magic, and weakens your fire magic.
   It makes you vulnerable to fire.
   It protects you from cold.
   It protects you from negative energy.
 V - the ring "Xeofafo" {rF+ Str+6 Int+2}
   (You found it in a treasure trove)

   [ring of strength]

   It affects your strength (+6).
   It affects your intelligence (+2).
   It protects you from fire.
Wands
 o - a wand of confusion (16/48)
 q - a wand of polymorph (10/24)
Scrolls
 g - 5 scrolls of enchant weapon
 j - 11 scrolls of teleportation
 k - 5 scrolls of fog
 r - 6 scrolls of blinking
 A - 5 scrolls of recharging
 D - a scroll of magic mapping
 F - 3 scrolls of enchant armour
 M - 2 scrolls of summoning
 P - 6 scrolls of remove curse
 S - 8 scrolls of fear
 X - 2 scrolls of silence
Potions
 b - a potion of resistance {unknown}
 d - 2 potions of might
 e - 6 potions of magic
 l - 6 potions of lignification
 p - a potion of berserk rage
 s - 7 potions of brilliance
 v - 14 potions of curing
 x - a potion of cure mutation {unknown}
 C - a potion of agility {unknown}
 H - 3 potions of invisibility
 J - 3 potions of haste {unknown}
 L - 2 potions of degeneration {unknown}
 O - a potion of ambrosia {unknown}
 Q - 3 potions of mutation
 W - 6 potions of heal wounds
Books
 t - a book of Dreams

   Spells                             Type                      Level
   a - Ensorcelled Hibernation        Hexes/Ice                    2
   b - Silence                        Hexes/Air                    5
   c - Darkness                       Hexes                        6
   d - Shadow Creatures               Summoning                    6
 y - a book of Beasts

   Spells                             Type                      Level
   a - Summon Butterflies             Summoning                    1
   b - Call Canine Familiar           Summoning                    3
   c - Summon Ice Beast               Ice/Summoning                4
   d - Summon Mana Viper              Hexes/Summoning              5
   e - Summon Hydra                   Summoning                    7
Comestibles
 f - 17 bread rations
 i - 5 beef jerkies
 n - 3 royal jellies
 I - 12 meat rations
 K - 5 slices of pizza
 N - 26 fruits
 T - 2 chunks of flesh


   Skills:
 + Level 14.3(19.3) Fighting
 + Level 14.2(19.2) Maces & Flails
 + Level 14.4(19.4) Armour
 + Level 10.3(15.3) Dodging
 + Level 14.1(19.1) Shields
 - Level 0.1 Spellcasting
   Level 0.1 Summonings
 + Level 13.3 Invocations
 - Level 8.3 Evocations


You had 17 spell levels left.
You didn't know any spells.

Dungeon Overview and Level Annotations

Branches:
Dungeon (12/15)            Temple (1/1) D:5            Lair (8/8) D:10
  Swamp (4/4) Lair:3       Spider (4/4) Lair:5        Slime (0/6) Lair:8
    Orc (2/2) D:12            Elf (0/3) Orc:2

Altars:
Ashenzari
Cheibriados
Dithmenos
Elyvilon
Fedhas
Gozag
Kikubaaqudgha
Makhleb
Nemelex Xobeh
Okawaru
Pakellas
Qazlal
Ru
Sif Muna
Trog
Vehumet
Xom
Yredelemnul
Zin
The Shining One
Beogh

Shops:
D:4 %   D:6 :   Orc:1 =   Orc:2 *}=[?

Annotations:
Lair:8 exclusion: 4 oklob plants


Innate Abilities, Weirdness & Mutations

You are resistant to torment.
Your stone body is resilient (AC +13).
You are immune to poison.
Your large and strong wings let you fly indefinitely.
You resist negative energy.
You are resistant to electric shocks.
You can survive without breathing.
You are immune to petrification.
You are immune to rotting.
You are partially covered in large bone plates (AC +2, SH +2).
You are partially covered in slimy green scales (AC +2).


Message History

The emperor scorpion closely misses you.
The emperor scorpion claws you but does no damage.
The tarantella barely misses you.
The spark wasp stings you but does no damage.
The tarantella bites you but does no damage.
The emperor scorpion stings you.
* * * LOW HITPOINT WARNING * * *
The emperor scorpion claws you.
* * * LOW HITPOINT WARNING * * *
You block the emperor scorpion's attack.
You barely miss the spark wasp.
The spark wasp is almost dead.
The tarantella bites you but does no damage.
The tarantella barely misses you. The spark wasp stings you!
* * * LOW HITPOINT WARNING * * *
The spark wasp shocks you. You resist.
* * * LOW HITPOINT WARNING * * *
The emperor scorpion stings you but does no damage.
The emperor scorpion barely misses you. The emperor scorpion claws you!
You die...

#.## #..†≈..# ##..##
####≈.....≈ #≈...#
##≈≈.^≈≈^≈.^
#≈≈≈####...≈≈####≈.
##≈≈#≈≈..≈≈≈≈## ##.
#≈≈≈...≈##≈≈^###≈≈
##≈...≈##^≈≈.##≈..
#≈s.≈≈###...###...
#@s.### #####.≈.≈.
#sy## ######..≈##
##y## s.^##≈.≈##
#yy#### ...##≈.###
##.s≈..##.y.##≈.≈.##
#≈...≈yy'# #≈?..≈#
#≈..##y.y# ##≈....
#≈..#####.$. ##.?...
###≈.≈# ...##...≈≈.


You could see 2 emperor scorpions, 2 spark wasps, a moth of wrath, a hornet
(berserk) and 2 tarantellas.

Vanquished Creatures
  Mara (Spider:4)
  the Lernaean hydra (Swamp:4)
  Nikola (Spider:2)
  A tentacled monstrosity (Swamp:3)
  An orc warlord (Orc:2)
  2 emperor scorpions
  2 ghost moths
  The ghost of ThereIsNoGod the Blocker, a journeyman GrFi of Okawaru (D:12)
  A dire elephant (Lair:8)
  A mottled draconian (Volcano)
  2 spark wasps (Spider:4)
  Snorg (Lair:5)
  2 entropy weavers
  Harold (D:10)
  3 ghost crabs (Swamp:3)
  24 hydras
  A catoblepas (Lair:8)
  Erica (D:8)
  9 alligators
  26 death yaks
  4 ogre magi (Orc:2)
  A deep troll shaman (Lair:8)
  A queen ant (Lair:6)
  Urug (Lair:2)
  Nergalle (Orc:1)
  A spriggan druid (Swamp:4)
  11 swamp dragons (Swamp:4)
  3 shambling mangroves
  A hill giant (D:11)
  20 orb spiders
  Pikel (D:5)
  2 deep elf magi (Volcano)
  6 statues (Volcano)
  22 wolf spiders
  2 ugly things
  3 griffons
  2 oklob plants
  5 hornets
  A moth of wrath (Spider:1)
  6 black mambas
  2 centaur zombies (D:11)
  2 elephants (Lair:8)
  23 spiny frogs
  A gargoyle (D:10)
  2 centaur skeletons (D:11)
  2 rime drakes
  2 torpor snails
  10 demonic crawlers
  7 komodo dragons
  8 giant leeches
  32 jumping spiders
  4 trolls
  17 two-headed ogres
  8 blink frogs
  8 bog bodies
  18 slime creatures
  4 boulder beetles
  4 spriggans
  54 redbacks
  23 tarantellas
  3 shadows
  11 hippogriffs
  2 wyverns
  47 yaks
  A hungry ghost (D:8)
  8 vampire mosquitoes (Swamp:2)
  4 basilisks
  Menkaure (D:5)
  A warg (Orc:2)
  20 swamp worms
  11 insubstantial wisps
  Edmund (D:5)
  10 water moccasins
  7 soldier ants (Lair:6)
  7 porcupines
  18 orc warriors
  2 sky beasts
  4 slaves (D:5)
  12 swamp drakes
  2 eyes of draining
  4 ice beasts
  3 black bears
  7 wasps
  24 ogres
  3 phantoms
  19 wolves
  20 crocodiles
  5 centaurs
  13 giant frogs
  A gnoll sergeant (D:8)
  3 scorpions
  A water moccasin zombie (D:6)
  4 killer bees (D:11)
  8 wights (D:9)
  4 electric eels
  2 howler monkeys
  3 crimson imps
  6 lava snakes (Volcano)
  11 orc priests
  14 orc wizards
  2 giant frog zombies (D:12)
  7 hounds
  9 jellies
  3 giant frog skeletons
  13 iguanas
  Ijyb (D:3)
  27 worker ants
  4 hound skeletons
  2 howler monkey zombies
  16 gnolls
  16 adders
  44 river rats
  2 oozes
  An adder zombie (D:8)
  An adder skeleton (D:9)
  4 worms
  3 dart slugs
  8 giant geckos
  96 orcs
  8 giant cockroaches
  4 goblins
  7 hobgoblins
  14 jackals
  6 quokkas
  A ball python (D:2)
  A ball python skeleton (D:4)
  10 bats
  2 giant gecko skeletons
  2 giant newts
  A jackal zombie (D:5)
  6 kobolds
  A quokka zombie (D:5)
  4 rats
  2 fungi (Lair:8)
  A plant (Lair:8)
1063 creatures vanquished.

Vanquished Creatures (others)
  A tarantella (Spider:4)
  23 fungi
  3 plants
27 creatures vanquished.

Grand Total: 1090 creatures vanquished

Notes
Turn   | Place    | Note
--------------------------------------------------------------
     0 | D:1      | mistymad the Gargoyle Fighter began the quest for the Orb.
     0 | D:1      | Reached XP level 1. HP: 14/14 MP: 1/1
   156 | D:1      | Reached XP level 2. HP: 19/19 MP: 2/2
   541 | D:1      | Reached XP level 3. HP: 22/23 MP: 3/3
  1139 | D:2      | Found a shimmering altar of Xom.
  1244 | D:2      | Reached XP level 4. HP: 29/29 MP: 4/4
  1759 | D:3      | Noticed Ijyb
  1771 | D:3      | Killed Ijyb
  1771 | D:3      | Reached XP level 5. HP: 29/33 MP: 5/5
  2600 | D:3      | Reached XP level 6. HP: 39/39 MP: 6/6
  2704 | D:3      | Noticed a phantom
  2731 | D:3      | Killed a phantom
  3618 | D:4      | Found Eloilisi's Food Shop.
  3705 | D:4      | Reached skill level 5 in Maces & Flails
  3705 | D:4      | Reached XP level 7. HP: 41/44 MP: 5/7
  4178 | D:4      | Reached skill level 5 in Fighting
  4346 | D:5      | Entered Level 5 of the Dungeon
  4433 | D:5      | Reached skill level 5 in Armour
  4486 | D:5      | Found a staircase to the Ecumenical Temple.
  4495 | Temple   | Entered the Ecumenical Temple
  4573 | Temple   | Became a worshipper of Warmaster Okawaru
  4643 | D:5      | Noticed Menkaure
  4680 | D:5      | HP: 1/44 [Menkaure/nerve-wracking pain (9)]
  5329 | D:5      | Noticed Edmund
  5351 | D:5      | Killed Edmund
  5351 | D:5      | Reached skill level 5 in Shields
  5435 | D:5      | Killed Menkaure
  5435 | D:5      | Reached XP level 8. HP: 18/50 MP: 2/8
  5704 | D:5      | Noticed Pikel
  5717 | D:5      | Killed Pikel
  5717 | D:5      | Reached * piety under Okawaru
  6088 | D:6      | Found Kamue's Book Shop.
  6216 | D:6      | Found a shattered altar of Ashenzari.
  6270 | D:6      | Reached ** piety under Okawaru
  6559 | D:6      | Reached XP level 9. HP: 51/56 MP: 9/9
  7088 | D:7      | Found a deep blue altar of Sif Muna.
  7690 | D:8      | Noticed Erica
  7766 | D:8      | Killed Erica
  7766 | D:8      | Reached *** piety under Okawaru
  7766 | D:8      | Reached skill level 1 in Dodging
  8300 | D:8      | You fall through a shaft!
  8352 | D:9      | Reached XP level 10. HP: 62/63 MP: 10/12
  9170 | D:8      | Reached **** piety under Okawaru
  9934 | D:9      | Reached ***** piety under Okawaru
 10451 | D:10     | Entered Level 10 of the Dungeon
 10464 | D:10     | Reached skill level 5 in Invocations
 10477 | D:10     | Reached XP level 11. HP: 19/69 MP: 5/14
 11038 | D:10     | Found a staircase to the Lair.
 11597 | D:10     | Found a portal to a secret trove of treasure.
 11842 | D:10     | Found a sparkling altar of Nemelex Xobeh.
 11843 | D:10     | Noticed Harold
 11865 | D:10     | Killed Harold
 12049 | Lair:1   | Entered Level 1 of the Lair of Beasts
 12391 | Lair:1   | Reached skill level 1 in Evocations
 12732 | Lair:1   | Reached ****** piety under Okawaru
 13041 | Lair:1   | Reached skill level 10 in Maces & Flails
 13614 | Lair:2   | Noticed Urug
 13638 | Lair:2   | Killed Urug
 13638 | Lair:2   | Reached XP level 12. HP: 76/76 MP: 14/16
 13659 | Lair:2   | Noticed a seven-headed hydra
 13668 | Lair:2   | Killed a seven-headed hydra
 13686 | Lair:2   | Reached skill level 5 in Dodging
 14104 | Lair:3   | Received a gift from Okawaru
 14120 | Lair:3   | Got an iridescent hand crossbow {god gift}
 14121 | Lair:3   | Identified the +8 hand crossbow of Sinaiz {speed, rPois rF+ Int+2} (Okawaru gifted it to you on level 3 of the Lair of Beasts)
 14149 | Lair:3   | Found a dark tunnel.
 14154 | Volcano  | Entered a volcano
 14459 | Volcano  | Reached skill level 10 in Fighting
 14577 | Volcano  | Reached skill level 10 in Armour
 14628 | Volcano  | Found a blossoming altar of Fedhas.
 14628 | Volcano  | Noticed a mottled draconian
 14647 | Volcano  | Killed a mottled draconian
 14757 | Lair:3   | Reached skill level 10 in Shields
 15353 | Lair:3   | Reached XP level 13. HP: 75/83 MP: 15/19
 15361 | Lair:3   | Found a staircase to the Swamp.
 15387 | Lair:3   | Received a gift from Okawaru
 16085 | Lair:4   | Got a spiked leather armour
 16097 | Lair:4   | Identified the +3 leather armour of Tulips {Stlth+} (You found it on level 4 of the Lair of Beasts)
 16474 | Lair:4   | You fall through a shaft!
 16474 | Lair:5   | Noticed Snorg
 16499 | Lair:5   | Killed Snorg
 17185 | Lair:5   | Found a hole to the Spider Nest.
 17887 | Lair:6   | Received a gift from Okawaru
 18121 | Lair:6   | Gained mutation: Your large and strong wings let you fly indefinitely. [Gargoyle growth]
 18121 | Lair:6   | Reached XP level 14. HP: 65/90 MP: 15/21
 19410 | Lair:6   | Received a gift from Okawaru
 20157 | Lair:7   | Reached skill level 10 in Invocations
 21247 | Lair:8   | Entered Level 8 of the Lair of Beasts
 21318 | Lair:8   | Received a gift from Okawaru
 21341 | Lair:8   | Got a scorched buckler {god gift}
 21352 | Lair:8   | Identified the +0 buckler of the Sky {rPois rN+} (Okawaru gifted it to you on level 8 of the Lair of Beasts)
 21748 | Lair:8   | Noticed a dire elephant
 21772 | Lair:8   | Killed a dire elephant
 21772 | Lair:8   | Reached skill level 5 in Evocations
 21772 | Lair:8   | Reached XP level 15. HP: 54/96 MP: 7/22
 22422 | Lair:8   | Found a staircase to the Slime Pits.
 23299 | Lair:1   | Learned a level 1 spell: Summon Butterflies
 23596 | D:11     | Gained mutation: You are partially covered in large bone plates (AC +2, SH +2). [mutagenic meat]
 23597 | D:11     | Gained mutation: You are partially covered in slimy green scales (AC +2). [mutagenic meat]
 23598 | D:11     | Gained mutation: Armour fits poorly on your strangely shaped body. [mutagenic meat]
 23599 | D:11     | Lost mutation: Armour fits poorly on your strangely shaped body. [mutagenic meat]
 24106 | D:11     | Received a gift from Okawaru
 24109 | D:11     | Got a warped ring mail {god gift}
 24120 | D:11     | Identified the +7 ring mail of the Thistle {rF- MR+ MP+9 Int+2} (Okawaru gifted it to you on level 11 of the Dungeon)
 24400 | D:12     | Noticed ThereIsNoGod's ghost (journeyman GrFi)
 24412 | D:12     | Killed ThereIsNoGod's ghost
 24417 | D:12     | Got a distressingly furry helmet
 24429 | D:12     | Identified the +2 helmet of the Eternal Void {rElec rPois Str+6 Dex-3} (You found it on level 12 of the Dungeon)
 24527 | D:12     | Found a staircase to the Orcish Mines.
 25143 | Orc:1    | Entered Level 1 of the Orcish Mines
 25143 | Orc:1    | Noticed Nergalle
 25179 | Orc:1    | Killed Nergalle
 25381 | Orc:2    | Entered Level 2 of the Orcish Mines
 25432 | Orc:2    | Found a staircase to the Elven Halls.
 25595 | Orc:2    | Found a roughly hewn altar of Beogh.
 25656 | Orc:2    | Found Noxezed's Magic Scroll Shoppe.
 25659 | Orc:2    | Bought a scroll of identify for 30 gold pieces
 26036 | Orc:2    | Found Ypigucwi's Assorted Antiques.
 26036 | Orc:2    | Found Xupuakhau's Gadget Boutique.
 26037 | Orc:2    | Found Joqiob's Jewellery Boutique.
 26037 | Orc:2    | Found Inuam's Armour Emporium.
 26049 | Orc:2    | Bought a papyrus manual for 300 gold pieces
 26172 | Orc:2    | Noticed an orc warlord
 26222 | Orc:2    | Killed an orc warlord
 26501 | Orc:1    | Found Xoaveym's Jewellery Boutique.
 26739 | D:6      | Bought a manual of Throwing for 1324 gold pieces
 26930 | D:10     | You paid a toll of a manual of Throwing to enter a treasure trove
 26931 | Trove    | Entered a treasure trove
 26936 | Trove    | Got a fine platinum ring
 26938 | Trove    | Got a faintly glowing pewter ring
 26943 | Trove    | Got a brightly glowing iron amulet
 26952 | Trove    | Got a coiled bone ring
 26969 | Trove    | Identified the amulet of Bilet {+Rage Int+9 Dex-2 Slay-3} (You found it in a treasure trove)
 26997 | Trove    | Got a bound wooden ring
 27044 | Trove    | Identified the ring of Xom's Whimsicality {rC- MP+9 Dex+5} (You found it in a treasure trove)
 27046 | Trove    | Identified the ring of Yggoan {Fire rN+ Slay+3} (You found it in a treasure trove)
 27048 | Trove    | Identified the ring "Biolimugro" {Ice rN+} (You found it in a treasure trove)
 27050 | Trove    | Identified the ring "Xeofafo" {rF+ Str+6 Int+2} (You found it in a treasure trove)
 27235 | Orc:1    | Bought an uncursed amulet of the gourmand for 420 gold pieces
 27419 | Swamp:1  | Entered Level 1 of the Swamp
 27459 | Swamp:1  | Received a gift from Okawaru
 28346 | Swamp:1  | Got a transparent morningstar {god gift}
 28347 | Swamp:1  | Identified the +9 morningstar of the Enchanted Forest {crush, *Rage Int+3} (Okawaru gifted it to you on level 1 of the Swamp)
 28378 | Swamp:2  | Reached XP level 16. HP: 99/103 MP: 24/24
 28889 | Swamp:2  | Received a gift from Okawaru
 29847 | Swamp:3  | Noticed a tentacled monstrosity
 29858 | Swamp:3  | Killed a tentacled monstrosity
 29858 | Swamp:3  | Received a gift from Okawaru
 30226 | Swamp:4  | Entered Level 4 of the Swamp
 30682 | Swamp:4  | Received a gift from Okawaru
 30809 | Swamp:4  | Got a twisted dire flail {god gift}
 30815 | Swamp:4  | Identified the +4 dire flail of Currency {elec, *Drain rPois Str+9} (Okawaru gifted it to you on level 4 of the Swamp)
 30904 | Swamp:4  | Noticed the 27-headed Lernaean hydra
 30918 | Swamp:4  | Killed the 27-headed Lernaean hydra
 30918 | Swamp:4  | Reached XP level 17. HP: 21/109 MP: 18/26
 31299 | Swamp:4  | Got a decaying rune of Zot
 32168 | Spider:1 | Entered Level 1 of the Spider Nest
 32973 | Spider:2 | Received a gift from Okawaru
 32977 | Spider:2 | Got a brightly glowing great mace {god gift}
 33517 | Spider:2 | Noticed Nikola
 33539 | Spider:2 | Killed Nikola
 33539 | Spider:2 | Received a gift from Okawaru
 33543 | Spider:2 | Got a slimy great mace {god gift}
 33565 | Spider:2 | Identified the +7 great mace "Vuxoawk" {flame, Int+3} (Okawaru gifted it to you on level 2 of the Spider Nest)
 33566 | Spider:2 | Identified the +4 great mace of Resourcefulness {flame, *Confuse +Blink MR+ Str+5} (Okawaru gifted it to you on level 2 of the Spider Nest)
 34517 | Spider:3 | Got a clouded tin ring
 34527 | Spider:3 | Identified the ring "Oxinoleoss" {Ice MR++} (You found it on level 3 of the Spider Nest)
 35154 | Spider:4 | Entered Level 4 of the Spider Nest
 35173 | Spider:4 | Noticed Mara
 35337 | Spider:4 | Killed Mara
 35337 | Spider:4 | Received a gift from Okawaru
 35453 | Spider:4 | Reached skill level 10 in Dodging
 36005 | Spider:4 | Reached XP level 18. HP: 116/116 MP: 27/27
 37481 | Spider:4 | Slain by an emperor scorpion

Skill      XL: |  1  2  3  4  5  6  7  8  9 10 11 12 13 14 15 16 17 18 |
---------------+-------------------------------------------------------+-----
Maces & Flails | 3 4 5 6 7 8 9 10 11 12 13 14 | 14.2
Fighting       | 4 5 6 7 8 9 10 11 12 13 14 | 14.3
Shields        | 4 5 6 7 8 9 10 11 12 13 14 | 14.1
Armour         | 4 5 6 7 8 9 10 11 12 13 14 | 14.4
Dodging        | 2 3 4 5 6 7 8 9 10 | 10.3
Invocations    | 2 5 6 8 9 10 11 12 13 | 13.3
Evocations     | 1 3 5 6 7 8 |  8.3
Spellcasting   | |  0.1
Summonings     | |  0.1

Action                   |  1- 3 |  4- 6 |  7- 9 | 10-12 | 13-15 | 16-18 || total
-------------------------+-------+-------+-------+-------+-------+-------++-------
Melee: Flail             |   111 |   251 |   363 |   997 |   850 |       ||  2572
       Eveningstar       |       |       |       |       |   841 |       ||   841
       Morningstar       |       |       |       |       |     2 |   952 ||   954
Invok: Heroism           |       |       |     1 |     6 |     6 |     3 ||    16
       Finesse           |       |       |       |     1 |     4 |     2 ||     7
 Abil: Fly               |       |       |       |       |     1 |     3 ||     4
Evoke: Wand              |       |       |       |       |     9 |       ||     9
  Use: Scroll            |       |     6 |       |    12 |     6 |    10 ||    34
       Potion            |       |       |     1 |       |       |     3 ||     4
 Stab: Petrifying        |       |       |       |       |     1 |       ||     1
  Eat: Chunk             |     1 |     9 |    15 |    24 |    56 |    55 ||   160
       Bread ration      |       |       |     1 |       |       |       ||     1
       Beef jerky        |       |       |     1 |       |       |       ||     1
       Fruit             |       |       |       |       |     3 |       ||     3
       Royal jelly       |       |       |       |       |       |     1 ||     1
Armor: Scale mail        |    65 |   136 |   110 |       |       |       ||   311
       Plate armour      |       |       |    86 |   511 |  1213 |  1152 ||  2962
Dodge: Dodged            |    33 |    75 |    66 |   210 |   673 |   582 ||  1639
Block: Shield            |    61 |   143 |   197 |   506 |   671 |       ||  1578
       Buckler           |       |       |       |       |   319 |   520 ||   839
